 Dungeon Crawl Stone Soup version 0.26.0-16-gc1dbca0489 (webtiles) character file.

Game seed: 5460578339128479985

420 112233 the Ruffian (level 6, 0/42 HPs)
             Began as an Octopode Fighter on Jan 20, 2021.
             Was an Initiate of Gozag.
             Slain by an ice beast (5 damage)
             ... on level 4 of the Dungeon.
             The game lasted 00:02:12 (3610 turns).

112233 the Ruffian (Octopode Fighter)               Turns: 3610, Time: 00:02:13

Health: 0/42       AC:  1    Str: 21    XL:     6   Next: 94%
Magic:  6/6        EV: 12    Int: 11    God:    Gozag
Gold:   104        SH:  9    Dex: 13    Spells: 5/5 levels left

rFire    . . .     SeeInvis .     - Unarmed
rCold    . . .     Faith    .   a - +0 kite shield
rNeg     . . .     Spirit   .   (helmet restricted)
rPois    .         Reflect  .   p - amulet of regeneration
rElec    .         Harm     .   q - +6 ring of strength
rCorr    .         Rampage  .   t - ring of stealth
Will     .....                  (no ring)
Stlth    +++.......             (no ring)
HPRegen  0.54/turn              (no ring)
MPRegen  0.10/turn              (no ring)
                                (no ring)
                                (no ring)

@: mighty, gold aura
A: almost no armour, stealthy swim, amphibious, 8 rings, constrict 8, camouflage
1, gelatinous body 1
a: Renounce Religion, Potion Petition, Call Merchant, Bribe Branch


You were on level 4 of the Dungeon.
You worshipped Gozag.
Gozag was aware of your devotion.
You visited 2 branches of the dungeon, and saw 6 of its levels.

You collected 142 gold pieces.
You paid 38 gold pieces to Gozag.

Inventory:

Missiles
 c - 4 javelins (quivered)
 f - 52 poisoned darts
Armour
 a - a +0 kite shield (worn)
Jewellery
 p - an amulet of regeneration (around mantle)
 q - a +6 ring of strength (left tentacle)
 t - a ring of stealth (right tentacle)
Wands
 u - a wand of digging (5)
 w - a wand of iceblast (7)
Scrolls
 e - a scroll of enchant armour {unknown}
 i - a scroll of immolation {unknown}
 j - a scroll of noise {unknown}
 k - 2 scrolls of fear {unknown}
 l - 2 scrolls of remove curse {unknown}
 m - a scroll of teleportation {unknown}
 s - 3 scrolls of identify {unknown}
Potions
 d - a potion of heal wounds {unknown}
 g - a potion of attraction {unknown}
 h - 2 potions of degeneration {unknown}
 n - a potion of curing {unknown}
 o - 4 potions of lignification {unknown}
 r - a potion of flight {unknown}
 v - a potion of invisibility {unknown}


   Skills:
 - Level 3.1 Fighting
 - Level 3.1 Dodging
 - Level 3.1 Shields
 + Level 7.0 Unarmed Combat


You had 5 spell levels left.
You didn't know any spells.
Your spell library was empty.

Dungeon Overview and Level Annotations

Branches:
Dungeon (5/15)             Temple (1/1) D:4

Altars:
Ashenzari
Cheibriados
Dithmenos
Elyvilon
Gozag
Hepliaklqana
Kikubaaqudgha
Makhleb
Nemelex Xobeh
Okawaru
Qazlal
Trog
Vehumet
Wu Jian
Xom
Yredelemnul
Zin
The Shining One


Innate Abilities, Weirdness & Mutations

You cannot wear most types of armour.
You are very stealthy in the water. (Stealth+)
You are amphibious.
You can wear up to eight rings at the same time.
You can use your tentacles to constrict eight enemies at once.
Your skin changes colour to match your surroundings (Stealth+).
Your rubbery body absorbs attacks. (AC +1, EV +1)


Message History

The ice beast hits you. The ice beast freezes you!
The gnoll hits you with a +0 club.
You tentacle-slap the ice beast but do no damage.
You constrict the gnoll. The ice beast hits you. The ice beast freezes you!
The gnoll hits you with a +0 club!
* * * LOW HITPOINT WARNING * * *
Unknown command.
You feel very mighty all of a sudden.
You constrict the gnoll.
You kill the gnoll!
The ice beast barely misses you.
Unknown command.
You closely miss the ice beast. Your squeeze misses the ice beast.
The ice beast hits you but does no damage.
You tentacle-slap the ice beast. Your squeeze misses the ice beast.
The ice beast hits you.
* * * LOW HITPOINT WARNING * * *
The ice beast freezes you.
You die...
Your body crumbles into a pile of gold.

...## #......................##
....# #......................#
....# #......................#
....# #......................#
....# #......................#
....# #......>...............#
....# #......................#
....# #......Y...............#
...######.......@..............#
..........#'###..$..############
..(.#.....#...#.....#
....#.....#...#)....#
....#.....#...#.....#
....#.....#...#.....#
....'.....#...#.....#
....#.....#...#.....#
#####.....#...#.....#


You could see an ice beast.

Vanquished Creatures
  2 ogres (D:4)
  A howler monkey (D:4)
  A bullfrog skeleton (D:4)
  2 iguanas (D:4)
  2 hound skeletons (D:4)
  A gnoll (D:4)
  An adder (D:2)
  2 oozes
  2 dart slugs (D:2)
  A worm (D:2)
  4 leopard geckos
  2 orcs
  14 bats
  4 giant cockroaches
  6 hobgoblins
  A quokka (D:3)
  10 frilled lizards
  7 goblins
  5 kobolds
  10 rats
78 creatures vanquished.

Notes
Turn   | Place    | Note
-------+----------+-------------------------------------------
     0 | D:1      | 112233 the Octopode Fighter began the quest for the Orb.
     0 | D:1      | Reached XP level 1. HP: 16/16 MP: 1/1
     2 | D:1      | Noticed a dwarf
     2 | D:1      | Noticed an ogre
     4 | D:1      | Noticed a troll
     4 | D:1      | Noticed a centaur
     6 | D:1      | Noticed a minotaur
     8 | D:1      | Noticed a ghoul
     8 | D:1      | Noticed a vine stalker
    10 | D:1      | Noticed a vampire
    12 | D:1      | Noticed a human
    14 | D:1      | Noticed a merfolk
    14 | D:1      | Noticed a formicid
    16 | D:1      | Noticed a gargoyle
    16 | D:1      | Noticed a tengu
    18 | D:1      | Noticed a halfling
    18 | D:1      | Noticed a demonspawn
    20 | D:1      | Noticed a spriggan
    20 | D:1      | Noticed a naga
    22 | D:1      | Noticed an elf
    22 | D:1      | Noticed a felid
    24 | D:1      | Noticed a draconian
    24 | D:1      | Noticed an octopode
    26 | D:1      | Noticed a demigod
   154 | D:1      | Reached XP level 2. HP: 21/21 MP: 2/2
   490 | D:1      | Reached skill level 3 in Unarmed Combat
   490 | D:1      | Reached XP level 3. HP: 26/26 MP: 3/3
  1547 | D:2      | Reached XP level 4. HP: 26/31 MP: 4/4
  1777 | D:2      | Reached skill level 4 in Unarmed Combat
  2761 | D:4      | Reached XP level 5. HP: 36/36 MP: 5/5
  2776 | D:4      | Reached skill level 5 in Unarmed Combat
  2823 | D:4      | Found the +0 pair of fencer's gloves {Riposte Dex+3}
  2930 | D:4      | Reached XP level 6. HP: 40/42 MP: 6/6
  3045 | D:4      | Reached skill level 6 in Unarmed Combat
  3163 | D:4      | Reached skill level 7 in Unarmed Combat
  3260 | D:4      | Found a staircase to the Ecumenical Temple.
  3333 | Temple   | Entered the Ecumenical Temple
  3431 | Temple   | Became a worshipper of Gozag Ym Sagoz the Greedy
  3590 | D:5      | Entered Level 5 of the Dungeon
  3590 | D:5      | Noticed an ice beast
  3610 | D:4      | Slain by an ice beast

Illustrated notes

Levels and vault maps discovered:
D:1:      kb_arrival_jail, layout_loops_ring
D:2:      layout_loops_corners
D:3:      layout_basic
D:4:      layout_gridville, minmay_temple_entry_overgrown
D:5:      layout_basic, kennysheep_generic_room_15
Temple:   kilobyte_greek_temple

Skill      XL: |  1  2  3  4  5  6 |
---------------+-------------------+-----
Unarmed Combat | 3 4 5 7 |  7.0
Fighting       | |  3.1
Dodging        | |  3.1
Shields        | |  3.1

Action                   |  1- 3 |  4- 6 || total
-------------------------+-------+-------++-------
Melee: Unarmed           |    85 |    93 ||   178
       Constrict         |    19 |    23 ||    42
       Tentacles         |    13 |    22 ||    35
       Punch             |     3 |     7 ||    10
  Use: Potion            |       |     1 ||     1
 Stab: Sleeping          |     9 |    12 ||    21
       Distracted        |       |     1 ||     1
Armor: Skin              |     8 |    11 ||    19
Dodge: Dodged            |    24 |    34 ||    58
Block: Kite shield       |    35 |    32 ||    67
